 Dungeon Crawl Stone Soup version 0.22.0-6-g71bd7aa6b3 (webtiles) character file.

5442 Gargoyl the Schismatic (level 10, -2/83 HPs)
             Began as a Centaur Abyssal Knight on Aug 16, 2018.
             Was an Elder of Lugonu.
             Slain by a wight
             ... wielding a +0 great sword
              (4 damage)
             ... on level 9 of the Dungeon.
             The game lasted 00:21:53 (14150 turns).

Gargoyl the Schismatic (Centaur Abyssal Knight)    Turns: 14150, Time: 00:21:54

Health: -2/83      AC: 15    Str: 17    XL:     10   Next: 41%
Magic:  14/14      EV: -1    Int: 11    God:    Lugonu [****..]
Gold:   299        SH:  5    Dex: 10    Spells: 9/9 levels left

rFire    + . .     SeeInvis .   t - +0 broad axe
rCold    + . .     Gourm    .   q - +2 buckler
rNeg     . . .     Faith    .   u - +2 gold dragon scales
rPois    +         Spirit   .   v - +0 helmet
rElec    .         Reflect  .   (no cloak)
rCorr    .         Harm     .   j - +0 pair of gloves
MR       .....     Rnd*Rage +   (no barding)
Stlth    ..........             n - amulet of regeneration
HPRegen  0.00/turn              (no ring)
MPRegen  0.14/turn              (no ring)

@: very heavily drained, very quick
A: large, hooves 3, berserk 1, deformed body, speed 2, low mp 1, sense
surroundings 1, inhibited regeneration, tough skin 3
a: Depart the Abyss, Bend Space, Banish, Corrupt, Renounce Religion


You were on level 9 of the Dungeon.
You worshipped Lugonu.
Lugonu was greatly pleased with you.
You were not hungry.

You visited 1 branch of the dungeon, and saw 9 of its levels.
You visited the Abyss 1 time.

You collected 434 gold pieces.
You spent 135 gold pieces at shops.

Inventory:

Hand Weapons
 a - a +1 hand axe
 t - a +0 broad axe (weapon)
Missiles
 k - 6 javelins (quivered)
Armour
 j - a +0 pair of gloves (worn)
 q - a +2 buckler (worn)
 u - +2 gold dragon scales (worn)
 v - a +0 helmet (worn)
Jewellery
 n - an amulet of regeneration (around neck)
Wands
 e - a wand of acid (9)
 l - a wand of iceblast (6)
 o - a wand of digging (19)
Scrolls
 d - 10 scrolls of identify
 f - 3 scrolls of fear
 g - 6 scrolls of remove curse
 i - a scroll of magic mapping
 p - 4 scrolls of teleportation
 s - 3 scrolls of blinking
Potions
 b - a potion of agility
 h - a potion of haste
 m - a potion of invisibility
 w - a potion of curing
Comestibles
 c - 6 rations
 r - 7 chunks of flesh


   Skills:
 + Level 6.0(2.4) Fighting
 + Level 7.1(3.4) Axes
 + Level 0.6(0.0) Throwing
 * Level 7.3(3.5) Armour
 + Level 2.6(0.0) Dodging
 + Level 2.4(0.0) Shields
 * Level 7.5(3.8) Invocations
 + Level 0.1(0.0) Evocations


You had 9 spell levels left.
You didn't know any spells.
Your spell library contained the following spells:

 Spells                   Type           Power        Failure   Level  Hunger
 Lightning Bolt           Conj/Air       #.........   100%        5    ######.
 Confuse                  Hex            #.......     100%        3    ####...
 Tukima's Dance           Hex            #.......     100%        3    ####...
 Shock                    Conj/Air       #...         100%        1    ##.....
 Swiftness                Chrm/Air       #.......     100%        2    ###....
 Airstrike                Air            #.........   100%        4    #####..
 Ensorcelled Hibernation  Hex/Ice        #.....       100%        2    ###....
 Static Discharge         Conj/Air       #.......     100%        3    ####...
 Corona                   Hex            #......      100%        1    ##.....
 Dazzling Spray           Conj/Hex       #.....       100%        3    ####...


Dungeon Overview and Level Annotations

Branches:
Dungeon (9/15)             Temple (0/1) D:4
   Lair: D:8-11         Orc: D:9-12

Altars:
Ashenzari
Cheibriados
Dithmenos
Elyvilon
Fedhas
Gozag
Okawaru
Ru
Wu Jian
Yredelemnul
The Shining One
Jiyva

Shops:
D:5 !

Annotations:
D:2 Robin


Innate Abilities, Weirdness & Mutations

You have hooves in place of feet.
Armour fits poorly on your strangely shaped body.
You cover ground very quickly.
You have extremely tough skin. (AC +3)
You tend to lose your temper in combat.
Your magical capacity is low. (-10% MP)
You passively map a small area around you.
You do not regenerate when monsters are visible.


Message History

The wight hits you but does no damage. x2
The wight hits you with a great sword.
* * * LOW HITPOINT WARNING * * *
You feel drained.
* * * LOW HITPOINT WARNING * * *
You hit the wight but do no damage. Your kick misses the wight.
The wight is severely damaged.
You closely miss the wight. The wight hits you but does no damage.
You block the wight's attack.
Unknown command.
You hit the wight. Your kick misses the wight.
The wight is almost destroyed.
You closely miss the wight. The wight hits you with a long sword.
* * * LOW HITPOINT WARNING * * *
You feel drained.
* * * LOW HITPOINT WARNING * * *
The wight hits you with a great sword!
* * * LOW HITPOINT WARNING * * *
You feel drained.
You die...

########### ###########
#.........# #.........#
#....>....#
#.........####.........#
#...>...z)'............#
#......@z.####.........#
#.......).# #.........#
#.........# #.........#
#.........# #..........
#.........# #.........#
#.........# #.........#
###'####### #####.#####
#... #..* ##'#######
##.#


You could see 2 wights.

Vanquished Creatures
  2 slime creatures (D:8)
  A hippogriff (D:9)
  A wyvern (D:8)
  Sigmund (D:3)
  A spriggan (D:8)
  3 ice beasts
  4 orc warriors
  A necrophage (D:8)
  5 ogres
  3 centaurs
  A big kobold (D:9)
  4 bullfrogs
  4 scorpions
  3 killer bees (D:8)
  3 wights (D:9)
  2 howler monkeys
  A bullfrog zombie (D:5)
  A crimson imp (D:5)
  A quasit (D:8)
  A hound (D:8)
  2 bullfrog skeletons
  9 orc priests
  3 jellies
  A centaur skeleton (D:4)
  Ijyb (D:3)
  Terence (D:2)
  2 iguanas
  12 orc wizards
  12 worker ants
  A hound skeleton (D:4)
  4 gnolls
  2 howler monkey skeletons
  12 adders
  2 shadow imps (D:5)
  An adder skeleton (D:6)
  2 adder zombies
  2 worms
  4 dart slugs
  5 leopard geckos
  24 orcs
  A ball python (D:1)
  8 giant cockroaches
  6 hobgoblins
  14 jackals
  9 kobolds
  4 quokkas
  8 bats
  A frilled lizard (D:3)
  15 goblins
  A leopard gecko skeleton (D:8)
  7 rats
219 creatures vanquished.

Vanquished Creatures (others)
  The ghost of Esekla the Cleaver, a novice DrWz of Makhleb (D:8)
  A hippogriff (D:8)
  An orc warrior (D:7)
  A killer bee (D:8)
  A jelly (D:8)
  An orc wizard (D:7)
6 creatures vanquished.

Grand Total: 225 creatures vanquished

Notes
Turn   | Place    | Note
-------+----------+-------------------------------------------
     0 | Abyss:1  | Gargoyl the Centaur Abyssal Knight began the quest for the Orb.
     0 | Abyss:1  | Reached XP level 1. HP: 19/19 MP: 2/2
    22 | Abyss:1  | Found a corrupted altar of Lugonu.
    87 | Abyss:1  | Noticed a raiju
    88 | D:1      | Escaped the Abyss
   207 | D:1      | Reached XP level 2. HP: 25/26 MP: 3/3
   428 | D:1      | Reached * piety under Lugonu
   770 | D:1      | Reached XP level 3. HP: 20/31 MP: 4/4
  1381 | D:2      | Noticed Robin
  1424 | D:2      | Reached ** piety under Lugonu
  1576 | D:2      | Reached XP level 4. HP: 39/39 MP: 5/5
  1611 | D:2      | Noticed Terence
  1635 | D:2      | Killed Terence
  1635 | D:2      | Reached skill level 1 in Dodging
  2636 | D:2      | Reached XP level 5. HP: 39/46 MP: 7/7
  3083 | D:3      | Found a basalt altar of Yredelemnul.
  3087 | D:3      | Found a shattered altar of Ashenzari.
  3087 | D:3      | Found a shadowy altar of Dithmenos.
  3133 | D:3      | Found an opulent altar of Gozag.
  3194 | D:3      | Noticed Sigmund
  3202 | D:3      | Killed Sigmund
  3202 | D:3      | Reached XP level 6. HP: 35/52 MP: 8/8
  3681 | D:3      | Found an ornate altar of the Wu Jian Council.
  3692 | D:3      | Noticed Ijyb
  3716 | D:3      | Killed Ijyb
  4293 | D:4      | Reached XP level 7. HP: 20/59 MP: 9/9
  4667 | D:4      | Reached *** piety under Lugonu
  4797 | D:4      | Found a staircase to the Ecumenical Temple.
  5968 | D:5      | Entered Level 5 of the Dungeon
  6531 | D:5      | Found a snail-covered altar of Cheibriados.
  6572 | D:5      | Found an iron altar of Okawaru.
  6782 | D:5      | Reached skill level 1 in Shields
  6782 | D:5      | Reached XP level 8. HP: 42/67 MP: 11/11
  7281 | D:5      | Found a white marble altar of Elyvilon.
  7312 | D:5      | Found Morucoe's Distillery.
  7374 | D:5      | Bought a potion of heal wounds for 75 gold pieces
  7374 | D:5      | Bought a potion of might for 60 gold pieces
  7933 | D:6      | Reached **** piety under Lugonu
  7933 | D:6      | Reached skill level 5 in Fighting
  7933 | D:6      | Reached skill level 5 in Armour
  7948 | D:6      | Reached skill level 5 in Invocations
  8197 | D:6      | Found a glowing golden altar of the Shining One.
  8229 | D:6      | Reached skill level 5 in Axes
  8419 | D:6      | Found a blossoming altar of Fedhas.
  9314 | D:7      | Reached XP level 9. HP: 74/74 MP: 13/13
  9384 | D:7      | Got a dazzling war axe
  9390 | D:7      | Identified the +5 war axe of the Eternal Warrior {distort, +Inv rF+} (You found it on level 7 of the Dungeon)
 10786 | D:8      | Found a runed gate.
 10790 | D:8      | Found a runed gate.
 10790 | D:8      | Found a runed gate.
 10792 | D:8      | Noticed Esekla's ghost (novice DrWz)
 10871 | D:8      | Gained mutation: You tend to lose your temper in combat. [potion of mutation]
 10871 | D:8      | Gained mutation: You do not regenerate when monsters are visible. [potion of mutation]
 10871 | D:8      | Gained mutation: Your magical capacity is low. (-10% MP) [potion of mutation]
 10871 | D:8      | Gained mutation: You passively map a small area around you. [potion of mutation]
 11438 | D:8      | Found a sacrificial altar of Ru.
 11529 | D:8      | Found a viscous altar of Jiyva.
 11702 | D:8      | HP: 1/74 [wyvern (12)]
 12191 | D:8      | Banished Esekla's ghost
 12191 | D:8      | Reached XP level 10. HP: 63/83 MP: 8/13
 14150 | D:9      | HP: 2/83 [wight/great sword (9)]
 14150 | D:9      | Slain by a wight

Skill      XL: |  1  2  3  4  5  6  7  8  9 10 |
---------------+-------------------------------+-----
Axes           | 2 3 4 5 6 7 |  7.1
Dodging        | 1 2 |  2.6
Armour         | 2 3 4 5 6 7 |  7.3
Invocations    | 3 4 5 6 7 |  7.5
Fighting       | 4 5 6 |  6.0
Shields        | 1 2 |  2.4
Throwing       | |  0.6
Evocations     | |  0.1

Action                   |  1- 3 |  4- 6 |  7- 9 | 10-12 || total
-------------------------+-------+-------+-------+-------++-------
Melee: Hand axe          |    87 |   154 |   265 |       ||   506
       Kick              |    14 |    24 |   103 |    55 ||   196
       Broad axe         |       |       |   293 |   160 ||   453
Throw: Javelin           |       |       |     5 |     2 ||     7
Invok: Depart the Abyss  |     1 |       |       |       ||     1
       Banish            |       |       |     6 |     1 ||     7
       Bend Space        |       |       |       |     1 ||     1
Evoke: Wand              |       |     2 |       |       ||     2
  Use: Scroll            |     6 |     1 |    14 |     5 ||    26
       Potion            |     2 |       |    12 |       ||    14
  Eat: Chunk             |     1 |     8 |    20 |     1 ||    30
       Ration            |       |       |     1 |     2 ||     3
Armor: Leather armour    |    56 |       |       |       ||    56
       Scale mail        |       |    89 |   125 |       ||   214
       Gold dragon scale |       |       |   298 |   167 ||   465
       Plate armour      |       |       |    20 |       ||    20
       Skin              |       |       |    93 |       ||    93
Dodge: Dodged            |    57 |    53 |    84 |     7 ||   201
Block: Buckler           |       |       |    58 |    56 ||   114
       Shield            |       |       |    54 |       ||    54
